 Dungeon Crawl Stone Soup version 0.31-a0-486-g8d68a81214 (webtiles) character file.

Game seed: 8281241559761253124

37 Xavori the Cutter (level 3, 23/23 HPs)
             Began as an Octopode Chaos Knight on Aug 7, 2023.
             Was a Plaything of Xom.
             Quit the game on level 2 of the Dungeon.
             The game lasted 00:00:58 (9488 turns).

Xavori the Cutter (Octopode Chaos Knight)           Turns: 9488, Time: 00:00:59

Health: 23/23      AC:  3    Str: 11    XL:     3   Next: 41%
Magic:  3/3        EV: 13    Int: 12    God:    Xom [*.....]
Gold:   117        SH:  0    Dex: 11    Spells: 2/2 levels left

rFire   . . .        a - +0 short sword (chaos)
rCold   . . .        (no shield)
rNeg    . . .        (helmet restricted)
rPois   .            (no amulet)
rElec   .            (no ring)
rCorr   .            (no ring)
SInv    .            (no ring)
Will    .....        (no ring)
Stlth   ++           (no ring)
HPRegen 0.23/turn    (no ring)
MPRegen 0.08/turn    (no ring)
                     (no ring)

%: random rage (3%)
@: no status effects
A: almost no armour, amphibious, 8 rings, camouflage 1, gelatinous body 1,
(nimble swimmer 1), tentacles, tentacle spike 1, iridescent scales 1, berserk 1,
clumsy 1, dopey 1, frail 1
a: Renounce Religion


You were on level 2 of the Dungeon.
You worshipped Xom.
You were a special plaything of Xom.
You visited 1 branch of the dungeon, and saw 2 of its levels.

You collected 117 gold pieces.

Inventory:

Hand Weapons
 a - a +0 short sword of chaos (weapon)
Scrolls
 b - a scroll of butterflies
 f - a scroll of enchant armour {unknown}
Potions
 c - a potion of heal wounds {unknown}
 d - a potion of lignification {unknown}
 e - a potion of curing {unknown}
 g - a potion of brilliance {unknown}
 h - a potion of magic {unknown}


   Skills:
 + Level 3.5 Fighting
 + Level 3.6 Short Blades
 + Level 2.7 Dodging


You had 2 spell levels left.
You didn't know any spells.
Your spell library contained the following spells:

 Spells                   Type           Power      Damage    Failure   Level
 Monstrous Menagerie      Summ           0%         N/A       100%        7
 Fire Storm               Conj/Fire      0%         5d1       100%        9


Dungeon Overview and Level Annotations

Branches:
Dungeon (2/15)

Altars:
Wu Jian


Innate Abilities, Weirdness & Mutations

You cannot wear most types of armour.
You are amphibious.
You can wear up to eight rings at the same time.
Your skin changes colour to match your surroundings (Stealth+).
Your rubbery body absorbs attacks. (AC +1, EV +1)
((You are camouflaged when in or above water. (Stealth+)))
You have tentacles for arms and can constrict up to eight enemies at once.
One of your tentacles bears a spike.
You are partially covered in iridescent scales. (AC +2)
You sometimes lose your temper in combat.
You are clumsy. (Dex -2)
You are dopey. (Int -2)
You are frail. (-10% HP)


Message History

You start waiting.
Xom smirks.
You detect nothing.
You start waiting.
Done waiting.
You start waiting.
Xom is getting BORED.
You start waiting.
You are now a BORING thing.
You start waiting. "Let me alter your body."
Your body is suffused with distortional energy.
You feel less resistant to poisons.
Your vision seems duller.
One of your lower tentacles grows a sharp spike.
You are now a plaything of Xom.
You start waiting.
Done waiting.
You start waiting.
You are now a special plaything of Xom.
You start waiting.
Done waiting.
You start waiting.
Done waiting.
You start waiting. "You need some minor improvements, mortal!"
Your body is suffused with distortional energy.
You feel stupid.
You feel clumsy.
You start waiting.
Done waiting.
You start waiting.
Done waiting.
You start waiting.
Done waiting.
You start waiting. "Let's see if it's strong enough to survive yet."
There are monsters nearby!
There are monsters nearby!
You climb downwards.
There is a stone staircase leading up here.
Are you sure you want to abandon this character and quit the game? (Confirm with "yes".)

...###........
...#.........
...........
......_....
...#......
...?.). #...#
#@#
$P.....♣P.#
..♣..>♣ .♣♣
♣... ♣. ♣..r
PP ♣.♣. ..♣
♣.♣ ♣♣ ♣


You could see a quokka (asleep).

Vanquished Creatures
  A dart slug (D:1)
  3 endoplasms (D:1)
  3 giant cockroaches (D:1)
  2 goblins (D:1)
  4 hobgoblins (D:1)
  7 jackals (D:1)
  2 kobolds (D:1)
  A quokka (D:1)
  A frilled lizard (D:1)
  3 rats (D:1)
27 creatures vanquished.

Notes
Turn   | Place    | Note
-------+----------+-------------------------------------------
     0 | D:1      | Xavori the Octopode Chaos Knight began the quest for the
                  | Orb.
     0 | D:1      | Reached XP level 1. HP: 16/16 MP: 1/1
   335 | D:1      | XOM: noise
   486 | D:1      | XOM: silly message
   523 | D:1      | XOM: cast spell 'Call Canine Familiar'
   658 | D:1      | XOM: silly message
   702 | D:1      | Reached XP level 2. HP: 19/21 MP: 2/2
   844 | D:1      | XOM: butterfly on damage
   871 | D:1      | Got the Vellum of Searing Illusion
  1097 | D:1      | Reached XP level 3. HP: 22/26 MP: 3/3
  1105 | D:1      | XOM: silly message
  1256 | D:1      | XOM: noise
  1518 | D:2      | Found an ornate altar of the Wu Jian Council.
  1607 | D:1      | XOM: silly message
  2258 | D:1      | XOM: divination: detect items
  2629 | D:1      | XOM: silly message
  3162 | D:1      | XOM: silly message
  4398 | D:1      | XOM is BORED!
  4398 | D:1      | XOM: noise
  5632 | D:1      | XOM: give mutations
  5632 | D:1      | Gained mutation: You have supernaturally acute eyesight.
                  | (SInv) [Xom's grace]
  5632 | D:1      | Gained mutation: You possess an exceptional clarity of
                  | mind. [Xom's grace]
  6293 | D:1      | XOM is BORED!
  6293 | D:1      | XOM: give mutations
  6293 | D:1      | Gained mutation: You are frail. (-10% HP) [Xom's mischief]
  6293 | D:1      | Lost mutation: You possess an exceptional clarity of mind.
                  | [Xom's mischief]
  6293 | D:1      | Gained mutation: You are partially covered in iridescent
                  | scales. (AC +2) [Xom's mischief]
  6374 | D:1      | XOM: scenery: 1 doors close
  6516 | D:1      | XOM: cloud trail
  8453 | D:1      | XOM: give mutations
  8453 | D:1      | Gained mutation: You sometimes lose your temper in combat.
                  | [Xom's mischief]
  8453 | D:1      | Gained mutation: Your system is resistant to poisons.
                  | (rPois) [Xom's mischief]
  8453 | D:1      | Lost mutation: You are partially covered in iridescent
                  | scales. (AC +2) [Xom's mischief]
  8453 | D:1      | Gained mutation: You are partially covered in iridescent
                  | scales. (AC +2) [Xom's mischief]
  8505 | D:1      | XOM: god gift: 44 gold pieces
  8511 | D:1      | XOM: divination: detect creatures
  8747 | D:1      | XOM is BORED!
  8747 | D:1      | XOM: give mutations
  8747 | D:1      | Lost mutation: Your system is resistant to poisons. (rPois)
                  | [Xom's mischief]
  8747 | D:1      | Lost mutation: You have supernaturally acute eyesight.
                  | (SInv) [Xom's mischief]
  8747 | D:1      | Gained mutation: One of your tentacles bears a spike.
                  | [Xom's mischief]
  9116 | D:1      | XOM: give mutations
  9116 | D:1      | Gained mutation: You are dopey. (Int -2) [Xom's mischief]
  9116 | D:1      | Gained mutation: You are clumsy. (Dex -2) [Xom's mischief]
  9485 | D:1      | XOM: summons 2 hostile demons
  9488 | D:2      | Quit the game

Illustrated notes

Levels and vault maps discovered:
D:1:      noname_arrival_rooms_in_the_neighbourhood, layout_basic
D:2:      wad_woods_tower, layout_basic, basic_altar

Action                     || total
---------------------------++-------
  Melee: Short sword       ||    60
         Tentacles         ||    18
         Constrict         ||    16
   Stab: Sleeping          ||     3
         Paralysed         ||     1
 Armour: Skin              ||     6
  Dodge: Dodged            ||    30

Table legend: (Time is in decaauts)
 A = Elapsed time spent in this place.
 B = Non-inter-level travel time spent in this place.
 C = Inter-level travel time spent in this place.
 D = Time resting spent in this place.
 E = Time spent auto-exploring this place.
 F = Levels seen in this place.
 G = Mean time per level.
                   A        B        C        D        E       F      G
               +--------+--------+--------+--------+--------+-----+--------+
         Total |   9478 |   9458 |     20 |   8421 |    891 |   2 | 4739.0 |
       Dungeon |   9478 |   9458 |     20 |   8421 |    891 |   2 | 4739.0 |
               +--------+--------+--------+--------+--------+-----+--------+

Top non-repeatable levels by time:
     D:1: 9475 daAuts
     D:2: 3 daAuts
